 Dungeon Crawl Stone Soup version 0.29.0-4-gdea44cf6ec (webtiles) character file.

Game seed: 16075854765797498708

717 qw the Chopper (level 7, 0/44 HPs)
             Began as a Gargoyle Fighter on Sept 9, 2022.
             Slain by an orc wizard
             ... wielding a +0 dagger
              (3 damage)
             ... on level 5 of the Dungeon.
             The game lasted 00:01:47 (3602 turns).

qw the Chopper (Gargoyle Fighter)                   Turns: 3602, Time: 00:01:48

Health: 0/44       AC: 23    Str: 27    XL:     7   Next: 70%
Magic:  7/7        EV:  7    Int:  9    God:
Gold:   245        SH:  4    Dex:  9    Spells: 6/6 levels left

rFire   . . .      SeeInvis .   Y - +1 war axe (protect)
rCold   . . .      Faith    .   c - +0 buckler
rNeg    + . .      Spirit   .   f - +0 plate armour
rPois   inf        Reflect  .   (no helmet)
rElec   +          Harm     .   (no cloak)
rCorr   +          Rampage  .   (no gloves)
Will    .....                   (no boots)
Stlth   ..........              (no amulet)
HPRegen 0.14/turn               h - ring of resist corrosion
MPRegen 0.10/turn               m - +6 ring of strength

@: under a protective aura
A: sickness immunity, AC +4, negative energy resistance 1, electricity
resistance, torment resistance 1, petrification resistance
a: no special abilities


You were on level 5 of the Dungeon.
You visited 1 branch of the dungeon, and saw 5 of its levels.

You collected 245 gold pieces.


Innate Abilities, Weirdness & Mutations

You are immune to sickness and miasma.
Your stone body is resilient. (AC +4)
You are immune to poison.
You resist negative energy. (rN+)
You are resistant to electric shocks. (rElec)
You are resistant to unholy torment.
You are immune to petrification.


   Skills:
 - Level 4.6 Fighting
 + Level 6.3 Axes
 - Level 2.2 Throwing
 - Level 3.2 Armour
 - Level 1.6 Dodging
 - Level 3.2 Shields


You had 6 spell levels left.
You didn't know any spells.
Your spell library was empty.

Inventory:

Hand Weapons
 j - a +0 flail
 Y - a +1 war axe of protection (weapon)
Missiles
 g - a javelin (quivered)
Armour
 c - a +0 buckler (worn)
 f - a +0 plate armour (worn)
 i - a +0 pair of gloves
Jewellery
 h - a ring of resist corrosion (left hand)
 m - a +6 ring of strength (right hand)
Scrolls
 b - 2 scrolls of identify
Potions
 a - a potion of curing
 d - a potion of might
 e - 3 potions of resistance
 k - a potion of lignification

Dungeon Overview and Level Annotations

Branches:
Dungeon (5/15)
 Temple: D:4-7

Altars:
Makhleb
Qazlal
Sif Muna
Vehumet


Message History

The magic dart hits you but does no damage.
You closely miss the orc.
The orc is heavily wounded.
You barely miss something. You hit the orc. The orc closely misses you.
Something hits you but does no damage. x2
You hit the orc.
The orc is severely wounded.
You hit something. You barely miss the orc wizard. Something hits you.
Something hits you but does no damage. The orc completely misses you.
The orc closely misses you.
A magic dart appears from out of thin air!
The magic dart hits you but does no damage.
The orc hits you but does no damage.
The orc wizard hits you but does no damage.
Something hits you.
You completely miss the orc.
The orc is severely wounded.
You barely miss the orc. You closely miss something.
You closely miss the orc wizard. Something hits you.
The orc hits you but does no damage. x2
Something hits you but does no damage.
The orc wizard hits you but does no damage.
You slash the orc!
You kill the orc!
You hit the orc wizard. You hit the orc.
You kill the orc!
You barely miss something. Something hits you but does no damage.
The orc wizard closely misses you. Something hits you but does no damage.
You closely miss the orc wizard.
The orc wizard is moderately wounded.
You closely miss something.
The orc wizard hits you with a +0 dagger.
Something hits you but does no damage. x2
You closely miss the orc wizard.
The orc wizard is moderately wounded.
You miss something.
Something hits you but does no damage. x2
The orc wizard hits you with a +0 dagger.
You die...

#..........)..#
....#
##.#.####.....#
#..$#
##..####.....###$).#
............##(..##
#.####..#..##...88#
.# #..#.##.....# .#
#....####{#######.
#.##.%..))........ #
##(#{@#####.###
#.#o))(.....
..##.#(#####
#####.#.# ... # ##.#
.# .#


You could see an orc wizard.

Vanquished Creatures
  An orc warrior (D:5)
  A black bear (D:5)
  A phantom (D:5)
  2 necrophages
  A scorpion (D:5)
  2 hounds (D:4)
  An orc priest (D:5)
  An iguana (D:5)
  A gnoll (D:2)
  5 adders
  A white imp (D:5)
  A worm (D:2)
  6 dart slugs
  11 orcs
  10 ball pythons
  6 endoplasms
  2 giant cockroaches
  6 goblins
  10 hobgoblins
  9 jackals
  3 kobolds
  4 quokkas
  8 bats
  3 frilled lizards
  8 rats
104 creatures vanquished.

Notes
Turn   | Place    | Note
-------+----------+-------------------------------------------
     0 | D:1      | qw the Gargoyle Fighter began the quest for the Orb.
     0 | D:1      | Reached XP level 1. HP: 14/14 MP: 1/1
     0 | D:1      | 0 ||| qw: Version: 0.1-a-113-g051387a
     0 | D:1      | 0 ||| qw: Game counter: 6964
     0 | D:1      | 0 ||| qw: Always use a shield: true
     0 | D:1      | 0 ||| qw: God list: Okawaru
     0 | D:1      | 0 ||| qw: Allow faded altars: false
     0 | D:1      | 0 ||| qw: Do Orc after D:15 true
     0 | D:1      | 0 ||| qw: Do second Lair branch before Depths: true
     0 | D:1      | 0 ||| qw: Lair rune preference: random
     0 | D:1      | 0 ||| qw: Plans: Normal, Zot, God:TSO, Crypt, Tomb, Zig,
                  | Orb
     0 | D:1      | 0 ||| PLANNING D:1-11
    71 | D:1      | Reached skill level 2 in Axes
    84 | D:1      | 84 ||| Stepping ~*~*~tactically~*~*~ (stealth).
   190 | D:1      | Reached XP level 2. HP: 18/19 MP: 2/2
   502 | D:1      | 502 ||| Stepping ~*~*~tactically~*~*~ (stealth).
   596 | D:1      | Reached skill level 3 in Axes
   617 | D:1      | 617 ||| Stepping ~*~*~tactically~*~*~ (hiding).
   632 | D:1      | Reached XP level 3. HP: 22/23 MP: 3/3
   990 | D:1      | 990 ||| READING scroll labelled WOS RELENURR.
   991 | D:1      | 991 ||| READING scroll labelled KAFYGYORIX.
   992 | D:1      | 992 ||| READING scroll labelled IBBAHYSCHOMIU.
   993 | D:1      | 993 ||| READING scroll labelled NUFUYZXOLUC.
   994 | D:1      | 994 ||| DRINKING 2 fizzy sapphire potions.
  1074 | D:2      | 1074 ||| Stepping ~*~*~tactically~*~*~ (stealth).
  1112 | D:2      | 1112 ||| FLEEEEING.
  1113 | D:2      | 1113 ||| FLEEEEING.
  1114 | D:2      | 1114 ||| FLEEEEING.
  1115 | D:2      | 1115 ||| FLEEEEING.
  1116 | D:2      | 1116 ||| FLEEEEING.
  1118 | D:2      | 1118 ||| FLEEEEING.
  1120 | D:2      | 1120 ||| FLEEEEING.
  1121 | D:2      | 1121 ||| FLEEEEING.
  1122 | D:2      | 1122 ||| FLEEEEING.
  1129 | D:2      | 1129 ||| STAIRDANCE
  1337 | D:2      | Found a burning altar of Makhleb.
  1409 | D:2      | 1409 ||| DROPPING +0 club.
  1511 | D:2      | 1511 ||| FLEEEEING.
  1512 | D:2      | 1512 ||| FLEEEEING.
  1538 | D:2      | Reached XP level 4. HP: 26/28 MP: 4/4
  1555 | D:2      | 1555 ||| Stepping ~*~*~tactically~*~*~ (stealth).
  1629 | D:2      | Found a faded altar of an unknown god.
  1896 | D:2      | Reached skill level 4 in Axes
  1955 | D:2      | 1955 ||| DROPPING +0 mace.
  2052 | D:2      | 2052 ||| UPGRADING to +0 chain mail.
  2062 | D:2      | 2062 ||| DROPPING +0 scale mail.
  2063 | D:2      | 2063 ||| READING scroll labelled RUSAIB IQIGUI.
  2066 | D:2      | 2066 ||| READING scroll labelled COGULY EPLOKI.
  2067 | D:2      | 2067 ||| READING scroll labelled TAFFOBIMUI.
  2268 | D:3      | 2268 ||| Stepping ~*~*~tactically~*~*~ (stealth).
  2296 | D:3      | 2296 ||| Stepping ~*~*~tactically~*~*~ (stealth).
  2307 | D:3      | Reached XP level 5. HP: 28/32 MP: 5/5
  2311 | D:3      | 2311 ||| Stepping ~*~*~tactically~*~*~ (stealth).
  2592 | D:3      | 2592 ||| UPGRADING to +0 plate armour.
  2602 | D:3      | 2602 ||| DROPPING +0 chain mail.
  2603 | D:3      | 2603 ||| UPGRADING to ring of resist corrosion.
  2604 | D:3      | 2604 ||| READING 2 scrolls labelled NIBROEMN VASI.
  2605 | D:3      | 2605 ||| DRINKING 3 green potions.
  2606 | D:3      | 2606 ||| DROPPING scroll of fear.
  2621 | D:4      | 2621 ||| Stepping ~*~*~tactically~*~*~ (stealth).
  2632 | D:4      | Reached skill level 5 in Axes
  2783 | D:4      | Identified the +4 sling "Evojoki" {freeze, rF+}
  2888 | D:4      | 2888 ||| Stepping ~*~*~tactically~*~*~ (stealth).
  2896 | D:4      | Found a radiant altar of Vehumet.
  2956 | D:4      | Found a stormy altar of Qazlal.
  2987 | D:4      | Reached XP level 6. HP: 37/37 MP: 6/6
  3068 | D:4      | Found a shimmering blue altar of Sif Muna.
  3222 | D:4      | 3222 ||| UPGRADING to +6 ring of strength.
  3223 | D:4      | 3223 ||| READING scroll labelled LIYXIPP MUTHE.
  3324 | D:4      | 3324 ||| DRINKING 2 sedimented cyan potions.
  3325 | D:4      | 3325 ||| READING 2 scrolls of identify.
  3325 | D:4      | 3325 ||| IDENTIFYING metallic sapphire potion
  3326 | D:4      | 3326 ||| DROPPING potion of brilliance.
  3361 | D:5      | Entered Level 5 of the Dungeon
  3367 | D:5      | Noticed a black bear
  3382 | D:5      | Reached XP level 7. HP: 24/44 MP: 7/7
  3527 | D:5      | 3527 ||| DROPPING +1 whip of electrocution.
  3561 | D:5      | Reached skill level 6 in Axes
  3565 | D:5      | 3565 ||| Stepping ~*~*~tactically~*~*~ (hiding).
  3577 | D:5      | HP: 11/44 [orc warrior/+0 halberd (7)]
  3582 | D:5      | Reached skill level 1 in Dodging
  3588 | D:5      | 3588 ||| Stepping ~*~*~tactically~*~*~ (hiding).
  3590 | D:5      | 3590 ||| Stepping ~*~*~tactically~*~*~ (hiding).
  3590 | D:5      | HP: 9/44 [orc priest/nerve-wracking pain (4)]
  3595 | D:5      | 3595 ||| DRINKING 2 potions of curing.
  3595 | D:5      | 3595 ||| (to cure confusion)
  3598 | D:5      | HP: 9/44 [something (1)]
  3599 | D:5      | HP: 4/44 [something (3)]
  3602 | D:5      | Slain by an orc wizard

Levels and vault maps discovered:
D:1:      dpeg_arrival_arbitrary_c, layout_basic
D:2:      layout_rooms, basic_altar, hellmonk_ecumenical_altar_heavens_door,
          minmay_misc_feat_tower, amcnicky_mini_pool_small,
          minmay_increasing_density
D:3:      layout_rooms
D:4:      layout_loops_ring, led_sif_pool, grunt_temple_overflow_open
D:5:      layout_loops_ring, minmay_misc_feat_pillars, guppyfry_early_orc_mine

Skill      XL: |  1  2  3  4  5  6  7 |
---------------+----------------------+-----
Axes           | 2 3 4 5 6 |  6.3
Throwing       | 2 |  2.2
Fighting       | 4 |  4.6
Dodging        | 1 |  1.6
Armour         | |  3.2
Shields        | |  3.2

Action                   |  1- 3 |  4- 6 |  7- 9 || total
-------------------------+-------+-------+-------++-------
Melee: War axe           |   105 |   151 |    37 ||   293
Throw: Javelin           |       |    13 |     4 ||    17
  Use: Scroll            |     4 |     6 |       ||    10
       Potion            |     1 |     2 |     1 ||     4
Armor: Scale mail        |    64 |    48 |       ||   112
       Chain mail        |       |    28 |       ||    28
       Plate armour      |       |    53 |    48 ||   101
Dodge: Dodged            |    54 |    73 |    15 ||   142
Block: Buckler           |    21 |    38 |     6 ||    65

Table legend:
 A = Non-vault XP
 B = Vault XP
 C = Vault XP percentage of total XP
 D = Non-vault monster count
 E = Vault monster count
 F = Vault count percentage of total count
                 A         B        C        D         E       F
            +---------+---------+-------+---------+---------+-------
      Total |     855 |     170 |  16.6 |      91 |      13 |  12.5
            +---------+---------+-------+---------+---------+-------
        D:1 |      35 |       0 |   0.0 |      21 |       0 |   0.0
        D:2 |      64 |      32 |  33.3 |      26 |       9 |  25.7
        D:3 |      48 |       0 |   0.0 |      18 |       0 |   0.0
        D:4 |     221 |       0 |   0.0 |      15 |       0 |   0.0
        D:5 |     487 |     138 |  22.1 |      11 |       4 |  26.7
            +---------+---------+-------+---------+---------+-------
